 Dungeon Crawl Stone Soup version 0.29-a0-551-gffc1d7fb78 (webtiles) character file.

Game seed: 9726393152985893041

49927 NateTC the Geomancer (level 14, -1/82 HPs)
             Began as a Gargoyle Earth Elementalist on June 5, 2022.
             Was a High Priest of Ashenzari.
             Killed from afar by a rime drake (13 damage)
             ... with a flash freeze
             ... in an ice cave on June 6, 2022.
             The game lasted 01:30:25 (22129 turns).

NateTC the Geomancer (Gargoyle Earth Elementalist) Turns: 22129, Time: 01:30:26

Health: -1/82      AC: 20    Str: 12    XL:     14   Next: 52%
Magic:  4/35       EV: 19    Int: 18    God:    Ashenzari [*****.]
Gold:   394        SH:  0    Dex: 10    Spells: 5/30 levels left

rFire   . . .      SeeInvis +   s - staff of earth (curse) {Cun, Elem}
rCold   . . .      Faith    .   (no shield)
rNeg    + + +      Spirit   .   a - +1 robe "Share My Henotheism" {Will+, Comp, Fort} (curse)
rPois   ∞          Reflect  .   N - +0 helmet "Ensconced Seeker" {Comp, Evo} (curse)
rElec   +          Harm     .   q - +0 cloak "Share My Augurer" {Range, Alch} (curse)
rCorr   .          Rampage  .   b - +1 pair of gloves "Overhang to Understand" {Bglg, Comp} (curse)
Will    ++...      Clarity  +   j - +1 pair of boots of the Visionary Atheism {Fort, Bglg} (curse)
Stlth   ++++......              J - amulet of Toth-Mos's Legacy {RegenMP rPois rN++ Int-3, Melee, Bglg} (curse)
HPRegen 0.23/turn               n - ring "Cursed Insecurity" {MP+9, Comp, Alch} (curse)
MPRegen 0.64/turn               o - ring of Apeoromancy {EV+4, Comp, Cun} (curse)

@: flying
A: sickness immunity, AC +10, big wings, negative energy resistance 1,
electricity resistance, torment resistance 1, petrification resistance
a: Renounce Religion, Curse Item, Shatter the Chains


You were in an ice cave.
You worshipped Ashenzari.
Ashenzari was extremely pleased with you.
You visited 3 branches of the dungeon, and saw 18 of its levels.
You also visited: Gauntlet and Ice Cave.

You collected 1182 gold pieces.
You spent 788 gold pieces at shops.

Inventory:

Missiles
 M - 36 stones
Armour
 a - the cursed +1 robe "Share My Henotheism" (worn) {Will+, Comp, Fort}
   (You took it off an orc wizard on level 7 of the Dungeon)

   It has a curse which improves the following skills: Companions: Summonings
   and Necromancy.
   Fortitude: Armour and Shields.
 b - the cursed +1 pair of gloves "Overhang to Understand" (worn) {Bglg, Comp}
   (You found it on level 8 of the Dungeon)

   It has a curse which improves the following skills: Beguiling: Conjurations,
   Hexes and Translocations.
   Companions: Summonings and Necromancy.
 j - the cursed +1 pair of boots of the Visionary Atheism (worn) {Fort, Bglg}
   (You found it on level 5 of the Dungeon)

   It has a curse which improves the following skills: Fortitude: Armour and
   Shields.
   Beguiling: Conjurations, Hexes and Translocations.
 q - the cursed +0 cloak "Share My Augurer" (worn) {Range, Alch}
   (You found it on level 3 of the Dungeon)

   It has a curse which improves the following skills: Ranged Combat: Slings,
   Bows, Crossbows and Throwing.
   Alchemy:   Poison Magic and Transmutations.
 N - the cursed +0 helmet "Ensconced Seeker" (worn) {Comp, Evo}
   (You bought it in a shop on level 11 of the Dungeon)

   It has a curse which improves the following skills: Companions: Summonings
   and Necromancy.
   Evocations: Evocations.
Magical Staves
 s - a cursed staff of earth (weapon) {Cun, Elem}
Jewellery
 n - the cursed ring "Cursed Insecurity" (left hand) {MP+9, Comp, Alch}
   (You found it on level 3 of the Dungeon)

   [ring of magical power]

   MP:        It affects your magic capacity (+9).
   It has a curse which improves the following skills: Companions: Summonings
   and Necromancy.
   Alchemy:   Poison Magic and Transmutations.
 o - the cursed ring of Apeoromancy (right hand) {EV+4, Comp, Cun}
   (You found it on level 3 of the Dungeon)

   [ring of evasion]

   EV:        It affects your evasion (+4).
   It has a curse which improves the following skills: Companions: Summonings
   and Necromancy.
   Cunning:   Dodging and Stealth.
 t - a ring of see invisible
 E - a ring of willpower
 J - the cursed amulet of Toth-Mos's Legacy (around neck) {RegenMP rPois rN++ Int-3, Melee, Bglg}
   (You bought it in a shop on level 10 of the Dungeon)

   [amulet of magic regeneration]

   It increases your rate of magic regeneration.
   Int:       It affects your intelligence (-3).
   rPois:     It protects you from poison.
   rN:        It greatly protects you from negative energy.
   It has a curse which improves the following skills: Melee Combat: Short
   Blades, Long Blades, Axes, Maces & Flails, Polearms, Staves and Unarmed
   Combat.
   Beguiling: Conjurations, Hexes and Translocations.
 O - a ring of flight
 Q - an amulet of guardian spirit
Wands
 p - a wand of flame (30)
 r - a wand of digging (8)
 z - a wand of paralysis (5)
 B - a wand of charming (7)
 D - a wand of polymorph (4)
 F - a wand of acid (3)
 P - a wand of iceblast (5)
Scrolls
 h - 2 scrolls of magic mapping
 y - 4 scrolls of poison
 A - 3 scrolls of enchant weapon
 C - 7 scrolls of teleportation
 H - 2 scrolls of blinking
 I - 3 scrolls of amnesia
 L - 3 scrolls of enchant armour
 R - a scroll of fog
Potions
 c - 7 potions of magic
 d - 2 potions of lignification
 e - 8 potions of ambrosia
 f - 6 potions of cancellation
 g - 3 potions of berserk rage
 i - 5 potions of mutation
 k - 7 potions of curing
 l - 2 potions of brilliance
 m - 4 potions of might
 u - 2 potions of flight
 v - 3 potions of attraction
 w - 3 potions of resistance
 x - a potion of haste
 G - a potion of heal wounds
 S - 2 potions of invisibility
Miscellaneous
 K - a box of beasts


   Skills:
 - Level 7.1 Fighting
 - Level 5.9(8.2) Staves
 - Level 0.7(2.3) Armour
 + Level 6.0(9.4) Dodging
 - Level 6.5(10.0) Stealth
 + Level 8.8 Spellcasting
 - Level 11.4(15.9) Conjurations
 - Level 4.3(8.4) Hexes
 * Level 9.1(15.4) Summonings
 * Level 3.3(6.3) Transmutations
 - Level 13.2(15.4) Earth Magic
 - Level 5.7(8.0) Evocations


You had 5 spell levels left.
You knew the following spells:

 Your Spells              Type           Power      Damage    Failure   Level
a - Sandblast             Erth           100%       2d20      0%          1
b - Stone Arrow           Conj/Erth      100%       3d13      1%          3
c - Magic Dart            Conj           100%       1d8       0%          1
d - Tukima's Dance        Hex            38%        N/A       1%          3
e - Necrotize             Necr           44%        1d6       6%          1
f - Summon Hydra          Summ           29%        N/A       14%         7
g - Petrify               Tmut/Erth      63%        N/A       1%          4
h - Irradiate             Conj/Tmut      24%        3d21      2%          5

Your spell library contained the following spells:

 Spells                   Type           Power      Damage    Failure   Level
 Summon Small Mammal      Summ           100%       N/A       0%          1
 Passwall                 Tmut/Erth      52%        N/A       1%          2
 Wereblood                Tmut           30%        N/A       1%          2
 Sting                    Tmut/Pois      80%        1d7       2%          1
 Ensorcelled Hibernation  Hex/Ice        46%        N/A       2%          2
 Portal Projectile        Hex/Tloc       48%        N/A       4%          3
 Apportation              Tloc           20%        N/A       7%          1
 Spider Form              Tmut/Pois      20%        N/A       7%          3
 Poisonous Vapours        Pois/Air       18%        N/A       12%         2
 Anguish                  Hex/Necr       12%        N/A       13%         4
 Blade Hands              Tmut           15%        N/A       19%         5
 Alistair's Intoxication  Tmut/Pois      13%        N/A       52%         5
 Olgreb's Toxic Radiance  Pois           9%         N/A       58%         4
 Conjure Ball Lightning   Conj/Air       18%        3x3d6     43%         6
 Dragon Form              Tmut           15%        N/A       99%         7
 Necromutation            Tmut/Necr      10%        N/A       100%        8
 Sublimation of Blood     Necr           Unusable   N/A       N/A         2

Dungeon Overview and Level Annotations

Branches:
Dungeon (12/15)            Temple (1/1) D:5            Lair (5/6) D:11
  Swamp (0/4) Lair:4       Spider (0/4) Lair:4        Slime (0/5) Lair:5
    Orc (0/2) D:12          IceCv (1/1)             Gauntlet (visited)

Altars:
Ashenzari
Cheibriados
Dithmenos
Elyvilon
Fedhas
Gozag
Hepliaklqana
Kikubaaqudgha
Makhleb
Nemelex Xobeh
Okawaru
Qazlal
Ru
Sif Muna
Trog
Uskayaw
Vehumet
Wu Jian
Xom
Yredelemnul
Zin
The Shining One
Jiyva

Shops:
D:2 (   D:10 =   D:11 [

Annotations:
D:11 3 runed translucent doors, ew1980's ghost, journeyman TrBe
Lair:3 3 runed translucent doors, Taurus's ghost, journeyman MiFi
Lair:5 3 runed translucent doors, exclusion: 4 oklob plants, Etewkasm's ghost, journeyman TrMo IceCv exclusion: ice statue


Innate Abilities, Weirdness & Mutations

You are immune to sickness and miasma.
Your stone body is resilient. (AC +10)
You are immune to poison.
Your large and strong wings let you fly.
You resist negative energy. (rN+)
You are resistant to electric shocks. (rElec)
You are resistant to unholy torment.
You are immune to petrification.


Message History

The death yak gores you but does no damage.
Casting: Stone Arrow (safe; 1% risk of failure)
Confirm with . or Enter, or press ? or * to list all spells.
You don't have enough magic to cast this spell.
Unknown command.
The ice encasing you melts away.
Casting: Stone Arrow (safe; 1% risk of failure)
Confirm with . or Enter, or press ? or * to list all spells.
Aiming: Stone Arrow (safe; 1% risk of failure)
Press: ? - help, Shift-Dir - straight line, f/p - rime drake
Aim: a rime drake (moderately wounded, 72% to hit)
You feel a surge of power!
The stone arrow hits the death yak!!
The death yak is almost dead.
The death yak barely misses you. The death yak attacks as you move away!
The death yak completely misses you.
Casting: Stone Arrow (safe; 1% risk of failure)
Confirm with . or Enter, or press ? or * to list all spells.
Aiming: Stone Arrow (safe; 1% risk of failure)
Press: ? - help, Shift-Dir - straight line, f/p - rime drake
Aim: a rime drake (moderately wounded, 72% to hit)
You feel a surge of power!
The stone arrow hits the rime drake!!
The rime drake is severely wounded.
The death yak gores you but does no damage.
The rime drake closely misses you. The death yak completely misses you.
The rime drake breathes ice at you. The flash freeze hits you.
You are encased in ice.
The death yak attacks as you move away! The death yak gores you!
The death yak attacks as you move away! The death yak misses you.
The rime drake completely misses you.
The rime drake attacks as you move away!
The rime drake bites you. The death yak attacks as you move away!
The death yak completely misses you. The ice encasing you melts away.
The death yak gores you!
* * * LOW HITPOINT WARNING * * *
The rime drake breathes ice at you. The flash freeze hits you!
You die...

###.##......## ##..#.......##
##..#)[..#..## ##..##)[.#..##
##...##.##..##
##....###...############
###..........#≈###########
####.......k.##≈##############
####........Y#@#≈≈####..#######
####.........#≈≈≈≈###.#..###..#
###..##.....##≈≈≈≈.#...#..#.#..
###.###....###≈≈#.#..####....#.
###..###...#######.############
####.####.#####################
####..##### ###############
###..### ########## ####.†##
###########


You could see a death yak and a rime drake (catching breath).

Vanquished Creatures
  Kirke (Lair:4)
  A frost giant (IceCv)
  5 hydras
  3 two-headed ogres
  5 death yaks (IceCv)
  A lindwurm (Lair:5)
  An ugly thing (D:11)
  3 black mambas
  Joseph (Lair:1)
  8 cane toads
  3 gargoyles
  4 rime drakes
  Maggie (D:10)
  11 komodo dragons
  An unseen horror (D:11)
  A queen bee (Lair:1)
  3 trolls
  9 polar bears
  A hornet (D:10)
  13 blink frogs
  A dream sheep (Lair:3)
  2 centaur simulacra (D:12)
  2 jumping spiders (Lair:4)
  A spriggan (Lair:2)
  A water elemental (D:12)
  3 culicivoras (Lair:4)
  2 wraiths
  Sigmund (D:4)
  5 wyverns
  73 yaks
  A hog (Lair:4)
  Eustachio (D:6)
  5 basilisks
  2 steam dragons (D:7)
  9 vampire mosquitoes
  A redback (Lair:4)
  An acid dragon (D:11)
  11 water moccasins
  7 orc warriors
  An ice beast (D:12)
  3 black bears
  3 ogres
  14 wolves
  2 centaurs
  2 kobold brigands
  2 phantoms
  13 bullfrogs
  2 gnoll sergeants (D:5)
  3 scorpions
  2 necrophages
  9 wights
  23 killer bees
  15 howler monkeys
  A bullfrog zombie (D:4)
  3 jellies
  A centaur zombie (D:4)
  A hound (D:5)
  A centaur skeleton (D:4)
  8 orc priests
  An iguana (D:6)
  12 orc wizards
  6 hell rats (Lair:5)
  3 gnolls (D:5)
  4 adders
  3 ufetubi
  An adder zombie (D:4)
  3 worms
  2 dart slugs
  43 orcs
  8 endoplasms
  4 goblins
  11 hobgoblins
  2 jackals (D:2)
  2 quokkas
  7 ball pythons
  5 frilled lizards
  13 kobolds
  2 quokka skeletons (D:4)
  A quokka zombie (D:4)
  2 rats (D:1)
449 creatures vanquished.

Vanquished Creatures (collateral kills)
  2 rime drakes (IceCv)
  3 yaks
  5 wolves (Lair:1)
  A bullfrog (Lair:1)
11 creatures vanquished.

Vanquished Creatures (others)
  A human (Lair:4)
  27 fungi
  46 plants
74 creatures vanquished.

Grand Total: 534 creatures vanquished

Notes
Turn   | Place    | Note
-------+----------+-------------------------------------------
     0 | D:1      | NateTC the Gargoyle Earth Elementalist began the quest for
                  | the Orb.
     0 | D:1      | Reached XP level 1. HP: 10/10 MP: 3/3
   736 | D:1      | Reached skill level 1 in Conjurations
   736 | D:1      | Reached XP level 2. HP: 15/15 MP: 3/5
   787 | D:1      | Reached skill level 4 in Earth Magic
  1266 | D:2      | Found Liek's Weapon Emporium.
  1405 | D:2      | Reached XP level 3. HP: 19/19 MP: 4/6
  1542 | D:2      | Learned a level 3 spell: Stone Arrow
  1693 | D:2      | Found a faded altar of an unknown god.
  2237 | D:3      | Reached XP level 4. HP: 24/24 MP: 3/7
  2561 | D:3      | Reached skill level 5 in Earth Magic
  2836 | D:3      | Found a sacrificial altar of Ru.
  2965 | D:3      | Reached XP level 5. HP: 28/28 MP: 8/8
  3429 | D:4      | Reached XP level 6. HP: 32/32 MP: 10/10
  3430 | D:4      | Noticed Sigmund
  3441 | D:4      | Killed Sigmund
  3442 | D:4      | Reached skill level 6 in Earth Magic
  3526 | D:4      | Reached XP level 7. HP: 19/36 MP: 12/12
  3827 | D:4      | Reached skill level 5 in Conjurations
  4384 | D:5      | Entered Level 5 of the Dungeon
  4420 | D:5      | Reached skill level 1 in Staves
  4423 | D:5      | Reached skill level 7 in Earth Magic
  4588 | D:5      | Found a staircase to the Ecumenical Temple.
  4663 | Temple   | Entered the Ecumenical Temple
  4918 | Temple   | Became a worshipper of Ashenzari the Shackled
  4994 | D:5      | Reached XP level 8. HP: 41/41 MP: 13/13
  5036 | D:5      | Reached skill level 8 in Earth Magic
  5871 | D:6      | Reached skill level 9 in Earth Magic
  5878 | D:6      | Reached XP level 9. HP: 45/45 MP: 14/14
  6203 | D:6      | Noticed Eustachio
  6207 | D:6      | Killed Eustachio
  6304 | D:6      | Got the Disquisition on Moulding and Conjuration
  6408 | D:7      | You fall into a shaft and drop 2 floors!
  6431 | D:9      | Noticed a two-headed ogre
  6435 | D:9      | Killed a two-headed ogre
  6436 | D:9      | Reached skill level 10 in Earth Magic
  6490 | D:9      | Noticed a troll
  6501 | D:9      | Reached skill level 5 in Staves
  6505 | D:9      | Reached XP level 10. HP: 23/50 MP: 12/15
  6509 | D:9      | Reached skill level 11 in Earth Magic
  6956 | D:9      | Reached skill level 10 in Conjurations
  7098 | D:9      | Reached skill level 12 in Earth Magic
  7413 | D:10     | Entered Level 10 of the Dungeon
  7413 | D:10     | Noticed a gargoyle
  7649 | D:7      | Learned a level 1 spell: Magic Dart
  8917 | D:8      | Reached skill level 1 in Evocations
  9049 | D:8      | Reached XP level 11. HP: 48/54 MP: 17/17
  9966 | D:8      | Learned a level 3 spell: Tukima's Dance
 10009 | D:9      | Reached skill level 1 in Hexes
 10018 | D:9      | Reached skill level 1 in Fighting
 10920 | D:9      | Learned a level 1 spell: Necrotize
 10945 | D:10     | Noticed Maggie
 10951 | D:10     | Killed Maggie
 11144 | D:10     | Reached * piety under Ashenzari
 11815 | D:10     | Found Mossarr's Jewellery Emporium.
 12253 | D:10     | Reached ** piety under Ashenzari
 12708 | D:10     | Identified the +11 mace of Pitolas {holy, rN+ Will+ Str-2
                  | Int+5}
 12708 | D:10     | Identified the +1 leather armour "Pyot" {rN++ Str-5}
 12716 | D:11     | Noticed a green ugly thing
 12722 | D:11     | Killed a green ugly thing
 12982 | D:11     | Learned a level 7 spell: Summon Hydra
 13019 | D:11     | Found a runed translucent gate.
 13025 | D:11     | Found a runed translucent gate.
 13025 | D:11     | Found a runed translucent gate.
 13050 | D:11     | Found a staircase to the Lair.
 13222 | D:11     | Noticed ew1980's ghost (journeyman TrBe)
 13234 | D:11     | Noticed a two-headed ogre
 13245 | D:11     | Killed a two-headed ogre
 13246 | D:11     | Reached skill level 1 in Summonings
 13246 | D:11     | Reached XP level 12. HP: 21/66 MP: 7/19
 13595 | D:10     | Bought the amulet "Qikiuritt" {RegenMP rPois rN++ Int-3}
                  | for 635 gold pieces
 13792 | D:11     | Found Cyanla's Antique Armour Shop.
 13988 | Lair:1   | Entered Level 1 of the Lair of Beasts
 14062 | Lair:1   | Noticed a four-headed hydra
 14070 | Lair:1   | Killed a four-headed hydra
 14080 | Lair:1   | Reached skill level 5 in Fighting
 14298 | Lair:1   | Found a gate leading to a gauntlet.
 14303 | Lair:1   | Reached *** piety under Ashenzari
 14308 | Gauntlet | Entered a Gauntlet
 14308 | Gauntlet | Noticed a soul eater
 14308 | Gauntlet | Found a transporter.
 14308 | Gauntlet | Found a transporter.
 14308 | Gauntlet | Found a transporter.
 14317 | Gauntlet | Found a transporter.
 14327 | Gauntlet | Found a transporter.
 14342 | Gauntlet | Found a transporter.
 14357 | Gauntlet | Identified the amulet "Jowed" {Reflect rC+ SH+5}
 14358 | Gauntlet | Found a transporter.
 14367 | Gauntlet | Found a transporter.
 14373 | Gauntlet | Found a transporter.
 14387 | Gauntlet | Found a transporter.
 14404 | Gauntlet | Found a transporter.
 14446 | Gauntlet | Found a transporter.
 14462 | Gauntlet | Reached **** piety under Ashenzari
 14871 | Lair:1   | Noticed Joseph
 14878 | Lair:1   | Killed Joseph
 14879 | Lair:1   | Reached skill level 5 in Summonings
 15078 | Lair:1   | Reached skill level 5 in Spellcasting
 16022 | Lair:2   | Noticed a five-headed hydra
 16035 | Lair:2   | Killed a five-headed hydra
 16098 | Lair:2   | Reached ***** piety under Ashenzari
 16125 | Lair:2   | Noticed an eight-headed hydra
 16135 | Lair:2   | Killed an eight-headed hydra
 16136 | Lair:2   | Reached XP level 13. HP: 65/74 MP: 22/23
 16497 | Lair:2   | Reached skill level 5 in Stealth
 16616 | Lair:2   | Learned a level 4 spell: Petrify
 17012 | Lair:3   | Found a runed translucent gate.
 17012 | Lair:3   | Found a runed translucent gate.
 17012 | Lair:3   | Found a runed translucent gate.
 17015 | Lair:3   | Noticed Taurus's ghost (journeyman MiFi)
 17019 | Lair:3   | Found a viscous altar of Jiyva.
 18185 | D:11     | Bought a helmet for 153 gold pieces
 18298 | Lair:4   | Noticed Kirke
 18532 | Lair:4   | Killed Kirke
 18604 | Lair:4   | Reached skill level 5 in Dodging
 19016 | Lair:4   | Found a hole to the Spider Nest.
 19022 | Lair:4   | Reached skill level 13 in Earth Magic
 19022 | Lair:4   | Reached skill level 5 in Evocations
 19218 | Lair:4   | Found a staircase to the Swamp.
 19527 | Lair:4   | Gained mutation: Your large and strong wings let you fly.
                  | [Gargoyle growth]
 19527 | Lair:4   | Reached XP level 14. HP: 80/80 MP: 26/26
 19829 | Lair:5   | Found a staircase to the Slime Pits.
 20330 | Lair:5   | Identified the +5 short sword of the Eternal Warrior
                  | {freeze, rElec Str+3 SInv}
 20412 | Lair:5   | Identified the +7 long sword of the Horn {venom, Str+4}
 20449 | Lair:5   | Noticed Etewkasm's ghost (journeyman TrMo)
 20466 | Lair:5   | Found a runed translucent gate.
 20466 | Lair:5   | Found a runed translucent gate.
 20466 | Lair:5   | Found a runed translucent gate.
 20643 | Lair:5   | Learned a level 5 spell: Irradiate
 20660 | Lair:5   | Reached skill level 1 in Transmutations
 21236 | D:12     | Found a frozen archway.
 21245 | IceCv    | Entered an ice cave
 21708 | IceCv    | Noticed a frost giant
 21775 | IceCv    | Killed a frost giant
 22129 | IceCv    | Killed from afar by a rime drake

Illustrated notes

Levels and vault maps discovered:
D:1:      matt_arrival_spirals, layout_basic
D:2:      layout_basic, shapermc_ecumenical_altar_starsandcircs, serial_shops,
          nicolae_shop_bloodbath_and_beyond, minmay_heptomino_d4
D:3:      corexii_shack_village, layout_loops_cross,
          mainiacjoe_overflow_boulevard, minmay_three_crescents
D:4:      layout_loops_corners, serial_undead, serial_undead_e, serial_undead_b,
          serial_undead_f, serial_undead_b, uniq_sigmund
D:5:      layout_basic, minmay_temple_entry_ruins, serial_corexii_hall,
          corexii_hall_statues_t, corexii_hall_statues_x, sword_in_stone
D:6:      layout_rooms, uniq_eustachio
D:7:      layout_basic, grunt_ministairs_13, minivault_5, minmay_puff
D:8:      layout_loops_ring, lightli_orcish_oven
D:9:      layout_roguey, nicolae_benzene_ring
D:10:     layout_layer_cave, serial_shops, shop, uniq_maggie
D:11:     layout_small_grid, lair_entry_dummy, gammafunk_ghost_necromancy,
          serial_shops, kennysheep_little_box
D:12:     layout_loops_corners, hiddenorc1_lemuel, serial_ice, serial_ice_a,
          serial_ice_i, serial_ice_f, serial_ice_g, serial_ice_n, serial_ice_m,
          serial_ice_c, portal_ice_cave_entry_pillars_2, enter_trove_5
Temple:   mainiacjoe_temple_hex_bubbles
Lair:1:   layout_roguey [special_room_bee], gauntlet_entry_generic,
          serial_bayou_pond_b, uniq_joseph
Lair:2:   layout_gridlike, grunt_megastairs_1, infiniplex_staircase_pool
Lair:3:   nzn_winding_woodlands_small [nzn_winding_woodlands_5x15_twine,
          nzn_winding_woodlands_center_garden,
          nzn_winding_woodlands_5x15_river_crossing], layout_misc_corridors,
          gammafunk_ghost_ooze, st_stairs_4, chequers_serial_rivers_large_b,
          grunt_forest_stairs_clearing
Lair:4:   layout_roguey, minmay_swamp_entry_swarm,
          nicolae_spider_entry_tight_spaces, nicolae_quartered_pool_medium,
          st_stairs_13, uniq_kirke
Lair:5:   layout_cave_pods, minmay_slime_entry_oklob_enclosed,
          maelrawn_ghost_gauntlet_escape
IceCv:    ice_cave_small_giant

Skill      XL: |  1  2  3  4  5  6  7  8  9 10 11 12 13 14 |
---------------+-------------------------------------------+-----
Conjurations   | 1 2 3 4 5 7 9 11 | 11.4
Earth Magic    | 4 5 6 7 9 10 12 13 | 13.2
Spellcasting   | 3 4 6 8 |  8.8
Staves         | 1 3 5 |  5.9
Dodging        | 2 4 5 6 |  6.0
Evocations     | 1 4 5 |  5.7
Hexes          | 4 |  4.3
Fighting       | 3 6 7 |  7.1
Summonings     | 1 6 8 9 |  9.1
Stealth        | 4 6 |  6.5
Transmutations | 3 |  3.3
Armour         | |  0.7

Action                   |  1- 3 |  4- 6 |  7- 9 | 10-12 | 13-15 || total
-------------------------+-------+-------+-------+-------+-------++-------
Melee: Unarmed           |    12 |    16 |       |       |       ||    28
       Staff             |       |       |    18 |    63 |    19 ||   100
       Punch             |       |       |       |     1 |       ||     1
 Cast: Sandblast         |    43 |    55 |    86 |   174 |   103 ||   461
       Stone Arrow       |     1 |       |    26 |   224 |   294 ||   545
       Magic Dart        |       |       |       |    45 |    28 ||    73
       Tukima's Dance    |       |       |       |     2 |       ||     2
       Necrotize         |       |       |       |     2 |       ||     2
       Summon Hydra      |       |       |       |       |     2 ||     2
       Irradiate         |       |       |       |       |     5 ||     5
Invok: Curse Item        |       |       |       |     8 |     1 ||     9
Evoke: Wand              |       |       |       |     5 |     5 ||    10
       Box of beasts     |       |       |       |     1 |       ||     1
  Use: Scroll            |     4 |     4 |     5 |     8 |     1 ||    22
       Potion            |       |       |       |     2 |       ||     2
Armor: Robe              |     5 |     9 |    19 |    99 |   112 ||   244
Dodge: Dodged            |     7 |    29 |    34 |   267 |   290 ||   627

Table legend: (Time is in decaauts)
 A = Elapsed time spent in this place.
 B = Non-inter-level travel time spent in this place.
 C = Inter-level travel time spent in this place.
 D = Time resting spent in this place.
 E = Time spent auto-exploring this place.
 F = Levels seen in this place.
 G = Mean time per level.
                   A        B        C        D        E       F      G
               +--------+--------+--------+--------+--------+-----+--------+
         Total |  22183 |  21390 |    793 |   7946 |   6160 |  20 | 1109.2 |
       Dungeon |  13981 |  13626 |    355 |   5111 |   4630 |  12 | 1165.1 |
        Temple |    270 |    238 |     32 |      0 |    236 |   1 |  270.0 |
          Lair |   6668 |   6263 |    405 |   2226 |   1163 |   5 | 1333.6 |
      Ice Cave |    883 |    883 |      0 |    609 |      0 |   1 |  883.0 |
      Gauntlet |    378 |    378 |      0 |      0 |    130 |   1 |  378.0 |
               +--------+--------+--------+--------+--------+-----+--------+

Top non-repeatable levels by time:
     D:9: 2192 daAuts
    D:10: 1713 daAuts
  Lair:1: 1635 daAuts
     D:7: 1374 daAuts
  Lair:3: 1346 daAuts
  Lair:4: 1286 daAuts
    D:11: 1283 daAuts
     D:1: 1240 daAuts
  Lair:2: 1239 daAuts
     D:4: 1167 daAuts
  Lair:5: 1161 daAuts
     D:8: 1117 daAuts
     D:5: 1084 daAuts
     D:3: 1072 daAuts
     D:2: 903 daAuts
